 Dungeon Crawl Stone Soup version 0.30-a0-622-gddc90eaa04 (webtiles) character file.

Game seed: 5335463336972362798

2265 ragingrage the Slicer (level 9, -6/71 (74) HPs)
             Began as a Naga Warper on Jan 10, 2023.
             Was a Follower of Cheibriados.
             Splashed by a jelly's acid (10 damage)
             ... on level 7 of the Dungeon.
             The game lasted 00:11:26 (7229 turns).

ragingrage the Slicer (Naga Warper)                 Turns: 7229, Time: 00:11:27

HP:   -6/71 (74)    AC:  7    Str: 16    XL:     9   Next: 38%
MP:   12/12         EV:  9    Int: 17    God:    Cheibriados [*.....]
Gold: 139           SH:  0    Dex: 18    Spells: 4/12 levels left

rFire   + . .      SeeInvis +    v - +2 whip (elec)
rCold   . . .      Faith    .    (no shield)
rNeg    . . .      Spirit   .    o - +0 ring mail {rF+}
rPois   +          Reflect  .    (no helmet)
rElec   .          Harm     .    (no cloak)
rCorr   .          Rampage  .    p - +0 pair of gloves
Will    +....                    (no barding)
Stlth   +++                      (no amulet)
HPRegen 0.31/turn                n - ring of wizardry
MPRegen 0.13/turn                (no ring)

@: hasted, lightly drained, very slow
A: AC +3, large, see invisible, deformed body, poison resistance, slowness 2,
spit poison 1, naga tail 1
a: Spit Poison, Renounce Religion, Bend Time


You were on level 7 of the Dungeon.
You worshipped Cheibriados.
Cheibriados was aware of your devotion.
You visited 1 branch of the dungeon, and saw 7 of its levels.

You collected 293 gold pieces.
You spent 154 gold pieces at shops.

Inventory:

Hand Weapons
 a - a +3 short sword of venom
 b - a +4 dagger
 m - a +0 long sword
 v - a +2 whip of electrocution (weapon)
 x - a +2 rapier of venom
Missiles
 d - a boomerang of dispersal
 f - 4 javelins
 s - 3 poisoned darts
 t - 2 boomerangs (quivered)
Armour
 o - a +0 ring mail of fire resistance (worn)
 p - a +0 pair of gloves (worn)
Jewellery
 n - a ring of wizardry (left hand)
 u - a ring of flight
 w - an amulet of the acrobat
Wands
 i - a wand of polymorph (3)
Scrolls
 c - 2 scrolls of blinking
 e - a scroll of teleportation
 k - a scroll of magic mapping {unknown}
 r - a scroll of fear {unknown}
 y - a scroll of identify
Potions
 g - 6 potions of brilliance
 h - 2 potions of mutation
 j - 2 potions of attraction
 q - 2 potions of magic
 z - a potion of curing
 A - a potion of resistance


   Skills:
 + Level 2.8 Fighting
 - Level 9.8(10.0) Short Blades
 - Level 2.7(6.7) Long Blades
 - Level 0.8 Throwing
 + Level 1.8 Armour
 - Level 1.5 Dodging
 + Level 6.0 Stealth
 - Level 2.0 Spellcasting
 + Level 5.4 Translocations
 + Level 1.3 Invocations


You had 4 spell levels left.
You knew the following spells:

 Your Spells              Type           Power      Damage    Failure   Level
a - Blink                 Tloc           40%        N/A       2%          2
b - Lesser Beckoning      Tloc           40%        N/A       4%          3
c - Vhi's Electric Charg  Tloc/Air       20%        N/A       14%         3

Your spell library contained the following spells:

 Spells                   Type           Power      Damage    Failure   Level
 Teleport Other           Tloc           20%        N/A       4%          3
 Manifold Assault         Tloc           20%        N/A       16%         4
 Inner Flame              Hex/Fire       1%         N/A       38%         3
 Cause Fear               Hex            0%         N/A       77%         4
 Discord                  Hex            0%         N/A       100%        8


Dungeon Overview and Level Annotations

Branches:
Dungeon (7/15)             Temple (0/1) D:4

Altars:
Cheibriados
Makhleb
Nemelex Xobeh
Trog
Uskayaw
Wu Jian
Yredelemnul

Shops:
D:5 *   D:6 !

Annotations:
D:5 3 runed translucent doors, wormed's ghost, novice KoBr


Innate Abilities, Weirdness & Mutations

Your serpentine skin is tough. (AC +3)
You have supernaturally acute eyesight. (SInv)
Armour fits poorly on your strangely shaped body.
Your system is resistant to poisons. (rPois)
You cover ground very slowly.
You can spit poison.
You have a snake-like lower body.


Message History

The jelly is lightly wounded.
The wight hits you with a +5 morningstar.
* * * LOW HITPOINT WARNING * * *
You feel drained.
Throw: 4 boomerangs (disperse)
Press: ? - help, Shift-Dir - straight line, f/p - wight
Aim: a wight, wielding a +5 morningstar and wearing a +0 robe (severely damaged, 60% to hit)
You throw a boomerang of dispersal.
The boomerang of dispersal hits the wight but does no damage.
The wight is severely damaged.
The wight misses you.
Throw: 3 boomerangs (disperse)
Press: ? - help, Shift-Dir - straight line, f/p - wight
Aim: a wight, wielding a +5 morningstar and wearing a +0 robe (severely damaged, 60% to hit)
You throw a boomerang of dispersal.
The boomerang of dispersal barely misses the wight.
The wight closely misses you.
Throw: 2 boomerangs (disperse)
Press: ? - help, Shift-Dir - straight line, f/p - wight
Aim: a wight, wielding a +5 morningstar and wearing a +0 robe (severely damaged, 60% to hit)
You throw a boomerang of dispersal.
The boomerang of dispersal hits the wight.
The wight blinks!
The wight is almost destroyed.
Okay, then.
Throw: 2 boomerangs
Press: ? - help, Shift-Dir - straight line, f/p - wight
Aim: a wight, wielding a +5 morningstar and wearing a +0 robe (almost destroyed, 60% to hit)
You throw a boomerang. The boomerang hits the wight.
You destroy the wight!
Cheibriados appreciates the change of pace.
Cheibriados raises the support of your attributes as your movement slows.
Your Stealth skill increases to level 6!
You hit the jelly but do no damage.
Your hands burn!
* * * LOW HITPOINT WARNING * * *
The jelly is lightly wounded.
The jelly hits you.
* * * LOW HITPOINT WARNING * * *
You are splashed with acid!
You die...

#..... #..... #...##
#..#.. #..#.# ########
#..#<# #......#####..###
..######.....[.........#
.....)J@)..........>.#.#
......##..)..........#.#
..... #.........##..#.#
.... #......#..##.##.#
... #####'#.........# #'
#.#..###.##.. . #.#..#
#.##.# #.#### #.##.# #.#
#.##.#


You could see a jelly.

Vanquished Creatures
  Maggie (D:6)
  Sigmund (D:3)
  Eustachio (D:6)
  Menkaure (D:6)
  A water moccasin (D:7)
  Duvessa (D:4)
  An ogre (D:5)
  A kobold brigand (D:7)
  2 bullfrogs
  A scorpion (D:6)
  3 wights (D:7)
  Dowan (D:4)
  2 jellies
  5 orc priests
  5 hounds
  3 iguanas
  Jessica (D:3)
  5 orc wizards
  3 adders (D:2)
  A white imp (D:6)
  4 dart slugs
  29 orcs
  8 ball pythons
  3 bats
  7 endoplasms
  3 giant cockroaches
  11 goblins
  6 hobgoblins
  14 kobolds
  4 quokkas
  4 frilled lizards
  7 rats
140 creatures vanquished.

Vanquished Creatures (others)
  7 fungi
7 creatures vanquished.

Grand Total: 147 creatures vanquished

Notes
Turn   | Place    | Note
-------+----------+-------------------------------------------
     0 | D:1      | ragingrage the Naga Warper began the quest for the Orb.
     0 | D:1      | Reached XP level 1. HP: 19/19 MP: 3/3
    80 | D:1      | Reached skill level 1 in Stealth
   181 | D:1      | Reached XP level 2. HP: 26/26 MP: 5/5
   504 | D:1      | You fall into a shaft and drop 1 floor!
   530 | D:2      | Reached XP level 3. HP: 24/32 MP: 6/6
   606 | D:2      | Reached skill level 1 in Short Blades
   711 | D:2      | Reached XP level 4. HP: 16/39 MP: 7/7
   932 | D:1      | Reached skill level 2 in Short Blades
  1697 | D:2      | Found a sparkling altar of Nemelex Xobeh.
  1735 | D:2      | Learned a level 2 spell: Blink
  1739 | D:2      | Learned a level 3 spell: Lesser Beckoning
  1968 | D:3      | Reached XP level 5. HP: 45/45 MP: 8/8
  2079 | D:3      | Reached skill level 5 in Stealth
  2102 | D:3      | Noticed Jessica
  2253 | D:3      | Noticed Sigmund
  2269 | D:3      | Killed Sigmund
  2270 | D:3      | Reached skill level 4 in Short Blades
  2270 | D:3      | Reached XP level 6. HP: 31/52 MP: 9/9
  2482 | D:3      | Killed Jessica
  2590 | D:3      | Found a faded altar of an unknown god.
  2708 | D:4      | Noticed Duvessa
  2708 | D:4      | Noticed Dowan
  2711 | D:4      | Found a staircase to the Ecumenical Temple.
  2801 | D:4      | Found a basalt altar of Yredelemnul.
  2824 | D:4      | Killed Duvessa
  2825 | D:4      | Reached skill level 5 in Short Blades
  2854 | D:4      | Killed Dowan
  2855 | D:4      | Reached XP level 7. HP: 51/60 MP: 10/10
  3061 | D:4      | Reached skill level 6 in Short Blades
  3239 | D:4      | Found a snail-covered altar of Cheibriados.
  3239 | D:4      | Found an ornate altar of the Wu Jian Council.
  3334 | D:5      | Entered Level 5 of the Dungeon
  3792 | D:4      | Reached skill level 7 in Short Blades
  3852 | D:4      | Found a burning altar of Makhleb.
  3874 | D:4      | Found a hide-covered altar of Uskayaw.
  4689 | D:5      | Reached XP level 8. HP: 20/67 MP: 11/11
  4997 | D:5      | Found Ciagio's General Store.
  5056 | D:5      | Reached skill level 8 in Short Blades
  5219 | D:5      | Found a runed translucent gate.
  5223 | D:5      | Found a runed translucent gate.
  5223 | D:5      | Found a runed translucent gate.
  5226 | D:5      | Noticed wormed's ghost (novice KoBr)
  5355 | D:4      | Found a bloodstained altar of Trog.
  5359 | D:4      | Became a worshipper of Cheibriados the Contemplative
  5418 | D:6      | Learned a level 3 spell: Vhi's Electric Charge
  5424 | D:6      | Noticed Maggie
  5696 | D:6      | Noticed Menkaure
  6106 | D:5      | Reached * piety under Cheibriados
  6356 | D:6      | Killed Menkaure
  6357 | D:6      | Reached skill level 9 in Short Blades
  6525 | D:6      | Noticed Eustachio
  6541 | D:6      | Killed Eustachio
  6558 | D:6      | Killed Maggie
  6559 | D:6      | Reached skill level 5 in Translocations
  6559 | D:6      | Reached skill level 1 in Armour
  6559 | D:6      | Reached XP level 9. HP: 37/73 MP: 12/12
  6672 | D:6      | Found Ugoupsy's Distillery.
  6690 | D:6      | Bought a potion of curing for 33 gold pieces
  6690 | D:6      | Bought a potion of resistance for 110 gold pieces
  6690 | D:6      | Bought a potion of degeneration for 11 gold pieces
  7218 | D:7      | Reached skill level 1 in Invocations
  7229 | D:7      | Splashed by a jelly's acid

Illustrated notes

Levels and vault maps discovered:
D:1:      roderic_chinese_lattice_arrival, layout_basic,
          minmay_shallow_snake_nest
D:2:      layout_rooms, basic_altar
D:3:      layout_rooms, serial_glass, glass_columns_c, glass_columns_b,
          glass_columns_a, glass_columns_a, glass_columns_b, glass_columns_a,
          glass_columns_b, glass_columns_c,
          dreamdust_ecumenical_altar_angels_and_demons, uniq_jessica,
          uniq_crazy_yiuf_cottage, uniq_sigmund
D:4:      minmay_spotlight, layout_basic, lemuel_doored_altar,
          nicolae_overflow_hidden_temple, minmay_temple_entry_grid,
          hangedman_decor_diamond_cutter, uniq_duvessa
D:5:      layout_basic, serial_shops, nicolae_shop_stone,
          gammafunk_ghost_necromancy
D:6:      layout_cave_pools, serial_shops, shop, uniq_eustachio, uniq_maggie,
          uniq_menkaure
D:7:      layout_basic, serial_shops, nicolae_stop_n_shop_1, kennysheep_mini,
          nicolae_lakefront_shop, shop_coins, nicolae_shop_crystal,
          dreamdust_mushroom_princess

Skill      XL: |  1  2  3  4  5  6  7  8  9 |
---------------+----------------------------+-----
Stealth        | 1 3 4 5 6 |  6.0
Short Blades   | 1 2 4 5 7 9 |  9.8
Translocations | 5 |  5.4
Armour         | 1 |  1.8
Invocations    | 1 |  1.3
Fighting       | |  2.8
Long Blades    | |  2.7
Throwing       | |  0.8
Dodging        | |  1.5
Spellcasting   | |  2.0

Action                   |  1- 3 |  4- 6 |  7- 9 || total
-------------------------+-------+-------+-------++-------
Melee: Falchion          |    37 |       |       ||    37
       Punch             |     2 |     1 |     1 ||     4
       Dagger            |    19 |    35 |       ||    54
       Short sword       |       |    65 |   257 ||   322
       Unarmed           |       |     3 |    16 ||    19
       Whip              |       |       |    24 ||    24
Throw: Javelin           |       |       |     5 ||     5
       Boomerang         |       |       |    19 ||    19
       Dart              |       |       |     1 ||     1
 Abil: Spit Poison       |    16 |    14 |    19 ||    49
  Use: Potion            |       |     3 |     4 ||     7
       Scroll            |       |     1 |     4 ||     5
 Stab: Sleeping          |     1 |     4 |     2 ||     7
       Confused          |       |       |     4 ||     4
Armor: Leather armour    |    15 |    19 |       ||    34
       Skin              |       |    13 |     1 ||    14
       Ring mail         |       |       |    69 ||    69
Dodge: Dodged            |    27 |    31 |    73 ||   131

Table legend: (Time is in decaauts)
 A = Elapsed time spent in this place.
 B = Non-inter-level travel time spent in this place.
 C = Inter-level travel time spent in this place.
 D = Time resting spent in this place.
 E = Time spent auto-exploring this place.
 F = Levels seen in this place.
 G = Mean time per level.
                   A        B        C        D        E       F      G
               +--------+--------+--------+--------+--------+-----+--------+
         Total |   8860 |   8369 |    491 |   2490 |   4374 |   7 | 1265.7 |
       Dungeon |   8860 |   8369 |    491 |   2490 |   4374 |   7 | 1265.7 |
               +--------+--------+--------+--------+--------+-----+--------+

Top non-repeatable levels by time:
     D:5: 2542 daAuts
     D:1: 1589 daAuts
     D:4: 1427 daAuts
     D:6: 1335 daAuts
     D:3: 984 daAuts
     D:2: 850 daAuts
     D:7: 130 daAuts
